 Dungeon Crawl Stone Soup version 0.21-a0-528-gf531e82 (webtiles) character file.

20823 Dawnplanks the Severer (level 12, -2/110 HPs)
             Began as a Hill Orc Fighter on Dec 8, 2017.
             Was a High Priest of Makhleb.
             Slain by an ice beast (13 damage)
             ... summoned by an ice statue
             ... in an ice cave.
             The game lasted 00:43:14 (14184 turns).

Dawnplanks the Severer (Hill Orc Fighter)          Turns: 14184, Time: 00:43:14

Health: -2/110     AC: 25    Str: 23    XL:     12   Next: 83%
Magic:  17/17      EV:  8    Int:  8    God:    Makhleb [*****.]
Gold:   891        SH: 12    Dex: 13    Spells: 11/11 levels left

rFire    . . .     SeeInvis .   Z - +4 war axe (protect)
rCold    . . .     Gourm    .   c - +0 shield
rNeg     . . .     Faith    .   X - +0 plate armour
rPois    +         Spirit   .   q - +0 helmet
rElec    .         Reflect  .   (no cloak)
rCorr    .         Harm     .   Q - +0 pair of gloves
MR       .....                  U - +0 pair of boots
Stlth    ..........             (no amulet)
HPRegen  0.28/turn              h - +2 ring of dexterity
MPRegen  0.15/turn              j - ring of poison resistance

@: protection aura, studying Crossbows
A: no striking features
a: Minor Destruction, Lesser Servant of Makhleb, Major Destruction, Greater
Servant of Makhleb, Renounce Religion


You were in an ice cave.
You worshipped Makhleb.
Makhleb was extremely pleased with you.
You were hungry.

You visited 3 branches of the dungeon, and saw 14 of its levels.
You also visited: Sewer, Ossuary and Ice Cave.

You collected 891 gold pieces.

Inventory:

Hand Weapons
 B - the +9 staff of Olgreb {rPois}
   (You found it on level 5 of the Dungeon)

   It protects you from poison.
 Z - a +4 war axe of protection (weapon)
Missiles
 m - 8 javelins (quivered)
Armour
 c - a +0 shield (worn)
 q - a +0 helmet (worn)
 Q - a +0 pair of gloves (worn)
 U - a +0 pair of boots (worn)
 X - a +0 plate armour (worn)
Jewellery
 h - a +2 ring of dexterity (left hand)
 j - a ring of poison resistance (right hand)
 s - an uncursed ring of protection from magic
Wands
 l - a wand of polymorph (16)
 v - a wand of scattershot (12)
 w - a wand of iceblast (14)
 C - a wand of acid (8)
 M - a wand of clouds (6)
 W - a wand of enslavement (16)
Scrolls
 d - 3 scrolls of magic mapping {unknown}
 e - 5 scrolls of teleportation
 i - a scroll of enchant weapon {unknown}
 o - a scroll of immolation {unknown}
 p - 4 scrolls of amnesia {unknown}
 y - 4 scrolls of remove curse
 D - a scroll of enchant armour
 E - a scroll of vulnerability {unknown}
 J - a scroll of fear
 K - a scroll of silence
 L - 2 scrolls of blinking
Potions
 a - a potion of invisibility
 k - 3 potions of lignification
 n - 3 potions of agility
 t - 6 potions of brilliance
 x - 9 potions of curing
 A - 5 potions of heal wounds
 G - a potion of mutation
 H - 3 potions of berserk rage
 I - a potion of resistance
 O - 2 potions of cancellation
 Y - a potion of flight
Books
 z - a manual of Crossbows
Miscellaneous
 b - a lightning rod (2/4)
 V - a fan of gales
Comestibles
 f - 9 bread rations
 g - 7 meat rations
 r - 7 royal jellies
 u - a fruit


   Skills:
 + Level 11.0 Fighting
 + Level 15.5 Axes
 + Level 9.9 Armour
 + Level 5.1 Dodging
 - Level 8.6 Shields
 * Level 7.9 Invocations
 + Level 2.8 Evocations


You had 11 spell levels left.
You didn't know any spells.

Dungeon Overview and Level Annotations

Branches:
Dungeon (11/15)            Temple (1/1) D:5            Lair (2/6) D:9
  Swamp: Lair:2-4    Shoals: Lair:2-4     Snake: Lair:2-4    Spider: Lair:2-4
    Orc: D:9-12

Altars:
Ashenzari
Cheibriados
Dithmenos
Elyvilon
Fedhas
Gozag
Hepliaklqana
Kikubaaqudgha
Makhleb
Nemelex Xobeh
Okawaru
Qazlal
Ru
Sif Muna
Trog
Uskayaw
Vehumet
Wu Jian
Xom
Yredelemnul
Zin
The Shining One

Shops:
D:10 }(*   D:11 *

Annotations:
D:5 1 runed door
D:8 2 transporters IceCv exclusion: 2 ice statues


Message History

The shard of ice hits you!
* * * LOW HITPOINT WARNING * * *
You feel much better.
You are engulfed in freezing vapours.
* * * LOW HITPOINT WARNING * * *
The ice beast hits you.
* * * LOW HITPOINT WARNING * * *
The ice beast freezes you!
* * * LOW HITPOINT WARNING * * *
The ice beast hits you but does no damage. x2
The ice statue gestures at you. You block the shard of ice.
You hit the ice statue.
The ice statue is almost destroyed.
You slash the ice beast! You hit the ice beast. x2
You are engulfed in freezing vapours.
* * * LOW HITPOINT WARNING * * *
The ice beast hits you.
* * * LOW HITPOINT WARNING * * *
The ice beast freezes you!
You die...

###### #############
.....## ##...)(#.....##
......###.....[#......##
.......#.......#.......#
.......#.......#.......#
.∩..∩..........§§§.....8
.......#.......#§.§§...#
.......#.......#§Y§§...#
......###.....$#@Y§§..##
.....## ##..!((#8Y§§§##
###### #############


You could see 2 ice statues and 3 ice beasts.

Vanquished Creatures
  Snorg (D:11)
  The ghost of smazza the Grappler, a journeyman DrTm of Makhleb (Lair:2)
  4 two-headed ogres
  Pikel (D:5)
  The ghost of Raine357 the Carver, a novice DrFi of Wu Jian (D:7)
  An ugly thing (IceCv)
  2 centaur zombies
  An ice statue (IceCv)
  A black mamba (Lair:2)
  A spiny frog (Lair:1)
  A komodo dragon (Lair:2)
  A troll (D:8)
  Prince Ribbit (Lair:2)
  Grinder (D:4)
  2 blink frogs (Lair:2)
  5 hippogriffs
  A wyvern (D:9)
  A human (D:7)
  11 yaks
  4 hungry ghosts
  4 hogs (D:7)
  5 soldier ants (D:5)
  4 porcupines
  9 ice beasts
  2 slaves (D:5)
  4 black bears
  2 orc warriors (D:6)
  7 sky beasts
  6 water moccasins
  An eye of draining (D:9)
  2 necrophages
  5 ogres
  10 centaurs
  3 crocodiles
  3 big kobolds
  5 bullfrogs
  A water moccasin zombie (D:7)
  2 scorpions
  16 killer bees
  5 wights (D:11)
  6 electric eels (D:10)
  A crimson imp (D:7)
  4 howler monkeys
  3 bullfrog zombies
  4 jellies
  2 quasits
  5 orc priests
  4 hounds
  5 bullfrog skeletons
  A centaur skeleton (D:6)
  Ijyb (D:4)
  9 orc wizards
  3 iguanas
  7 worker ants
  2 human simulacra (D:9)
  A hound zombie (D:6)
  A hound skeleton (D:4)
  8 mummies (Ossuary)
  A worker ant zombie (D:5)
  Robin (D:4)
  3 gnolls (D:2)
  A howler monkey skeleton (D:5)
  20 adders
  8 river rats (Sewer)
  3 shadow imps
  12 white imps (Lair:2)
  2 adder skeletons
  3 worms
  2 dart slugs
  4 leopard geckos
  40 orcs
  3 giant cockroaches
  12 goblins
  6 hobgoblins
  11 jackals
  8 quokkas
  5 ball pythons
  8 bats
  6 frilled lizards
  2 gnoll zombies (Ossuary)
  4 hobgoblin zombies (Ossuary)
  23 kobolds
  2 orc zombies (Ossuary)
  27 rats
  A fungus (Lair:2)
423 creatures vanquished.

Vanquished Creatures (others)
  A fungus (Lair:2)
1 creature vanquished.

Grand Total: 424 creatures vanquished

Notes
Turn   | Place    | Note
-------+----------+-------------------------------------------
     0 | D:1      | Dawnplanks the Hill Orc Fighter began the quest for the Orb.
     0 | D:1      | Reached XP level 1. HP: 19/19 MP: 1/1
   134 | D:1      | Reached XP level 2. HP: 27/27 MP: 2/2
   247 | D:1      | Reached skill level 3 in Axes
   618 | D:2      | Reached XP level 3. HP: 33/33 MP: 3/3
   729 | D:2      | Found a stormy altar of Qazlal.
   829 | D:2      | Reached skill level 4 in Axes
  1082 | D:2      | Reached XP level 4. HP: 40/40 MP: 4/4
  1697 | D:3      | Noticed an ogre
  1707 | D:3      | Killed an ogre
  1707 | D:3      | Reached skill level 5 in Axes
  1707 | D:3      | Reached XP level 5. HP: 23/46 MP: 5/5
  2212 | D:3      | Found a sacrificial altar of Ru.
  2214 | D:3      | Found a shimmering altar of Xom.
  2489 | D:3      | Reached skill level 1 in Dodging
  3122 | D:4      | Reached XP level 6. HP: 53/53 MP: 6/6
  3174 | D:4      | Reached skill level 6 in Axes
  3227 | D:4      | Noticed Robin
  3235 | D:4      | Killed Robin
  3341 | D:4      | Reached XP level 7. HP: 50/60 MP: 7/7
  3405 | D:4      | Noticed Grinder
  3406 | D:4      | Noticed Ijyb
  3432 | D:4      | Killed Ijyb
  3432 | D:4      | Reached skill level 5 in Fighting
  3432 | D:4      | Reached skill level 7 in Axes
  3444 | D:4      | Paralysed by Grinder for 4 turns
  3454 | D:4      | Killed Grinder
  3785 | D:4      | Got a transparent hunting sling
  3786 | D:4      | Identified the +3 hunting sling of Summer {flame, +Blink rC+} (You found it on level 4 of the Dungeon)
  3832 | D:4      | Reached skill level 8 in Axes
  3832 | D:4      | Reached skill level 5 in Armour
  3832 | D:4      | Reached skill level 5 in Shields
  3834 | D:4      | Reached XP level 8. HP: 42/68 MP: 8/8
  4208 | D:4      | Found a deep blue altar of Sif Muna.
  4333 | D:5      | Entered Level 5 of the Dungeon
  4547 | D:5      | Found a staircase to the Ecumenical Temple.
  4684 | D:5      | Paralysed by fainting for 12 turns
  4703 | D:5      | Reached skill level 9 in Axes
  4746 | D:5      | Found a glowing drain.
  4750 | Sewer    | Entered a sewer
  5167 | Sewer    | Reached XP level 9. HP: 70/77 MP: 9/9
  5481 | Temple   | Entered the Ecumenical Temple
  5540 | Temple   | Became a worshipper of Makhleb the Destroyer
  5755 | D:5      | Reached skill level 10 in Axes
  5769 | D:5      | Noticed Pikel
  5790 | D:5      | Killed Pikel
  6043 | D:5      | Found a runed door.
  6045 | D:5      | Found a runed gate.
  6055 | D:5      | Found a runed gate.
  6055 | D:5      | Found a runed gate.
  6208 | D:5      | Found a runed door.
  6221 | D:5      | Reached skill level 11 in Axes
  6248 | D:5      | Reached * piety under Makhleb
  6563 | D:5      | Reached XP level 10. HP: 88/88 MP: 10/10
  6595 | D:5      | Reached skill level 12 in Axes
  6604 | D:5      | Found the +9 staff of Olgreb {rPois}
  6806 | D:6      | Found a shadowy altar of Dithmenos.
  7249 | D:6      | Found a blossoming altar of Fedhas.
  7419 | D:6      | Got a shimmering falchion
  7420 | D:6      | Identified the +1 falchion of Resumed Hostilities {holy, rN+} (You found it on level 6 of the Dungeon)
  7635 | D:7      | Noticed Raine357's ghost (novice DrFi)
  7653 | D:7      | Killed Raine357's ghost
  7752 | D:7      | Found a sand-covered staircase.
  7762 | Ossuary  | Entered an ossuary
  7770 | Ossuary  | Reached ** piety under Makhleb
  8055 | D:7      | Reached skill level 13 in Axes
  8623 | D:7      | Found a shattered altar of Ashenzari.
  8656 | D:7      | Reached XP level 11. HP: 96/96 MP: 11/11
  8724 | D:7      | Found an ancient bone altar of Kikubaaqudgha.
  8724 | D:7      | Found a radiant altar of Vehumet.
  8724 | D:7      | Found an ornate altar of the Wu Jian Council.
  8896 | D:8      | Found a hazy altar of Hepliaklqana.
  8947 | D:8      | Found a transporter.
  8961 | D:8      | Noticed a wolf spider
  8974 | D:8      | Found a transporter.
  9010 | D:8      | Found an iron altar of Okawaru.
  9125 | D:8      | Found a snail-covered altar of Cheibriados.
  9404 | D:9      | Found a staircase to the Lair.
  9409 | D:9      | Noticed a two-headed ogre
  9435 | D:8      | Reached skill level 1 in Evocations
  9537 | D:8      | Killed a two-headed ogre
  9800 | D:9      | Reached *** piety under Makhleb
  9921 | D:9      | Noticed a two-headed ogre
  9937 | D:9      | Killed a two-headed ogre
  9937 | D:9      | Reached skill level 14 in Axes
 10234 | D:10     | Entered Level 10 of the Dungeon
 10411 | D:10     | Noticed a two-headed ogre
 10442 | D:9      | Killed a two-headed ogre
 10442 | D:9      | Reached skill level 1 in Invocations
 10765 | D:10     | Reached skill level 10 in Fighting
 10851 | D:10     | Reached **** piety under Makhleb
 10903 | D:10     | Found Hutaoq's Weapon Emporium.
 10962 | D:10     | Found Ograkhei's Gadget Boutique.
 11083 | D:10     | Found Faizoyc's General Store.
 11527 | D:11     | Reached XP level 12. HP: 92/105 MP: 15/15
 11569 | D:11     | Noticed Snorg
 11586 | D:11     | Killed Snorg
 11586 | D:11     | Reached skill level 5 in Invocations
 11895 | D:11     | Noticed a two-headed ogre
 11941 | D:11     | Killed a two-headed ogre
 12246 | D:11     | Found Yreohish's General Store.
 12538 | Lair:1   | Entered Level 1 of the Lair of Beasts
 13115 | Lair:1   | Found a bloodstained altar of Trog.
 13301 | Lair:2   | Noticed Prince Ribbit
 13312 | Lair:2   | Killed Prince Ribbit
 13312 | Lair:2   | Reached skill level 5 in Dodging
 13317 | Lair:2   | Reached skill level 15 in Axes
 13407 | Lair:2   | Found a frozen archway.
 13410 | Lair:2   | Noticed smazza's ghost (journeyman DrTm)
 13412 | Lair:2   | Reached ***** piety under Makhleb
 13448 | Lair:2   | Killed smazza's ghost
 13525 | IceCv    | Entered an ice cave
 14184 | IceCv    | Slain by an ice beast

Vault maps used:
D:1:      lemuel_arrival_lava_pool
D:2:      lemuel_crystal_altar, first_bread
D:3:      minitemple, kennysheep_big_empty_room, grunt_ministairs_12
D:4:      marbit_many_paths, item_on_display_a, uniq_robin, uniq_ijyb,
          uniq_grinder
D:5:      temple_statues, lightli_sewer_entry_pipes,
          minmay_guarded_unrand_staff_of_olgreb, uniq_pikel
D:6:      overflow_temple_1_default, nicolae_overflow_hidden_temple
D:7:      gammafunk_temple_overflow_claw, lemuel_round_altar,
          nicolae_ossuary_entry_monument, grunt_livestock
D:8:      gammafunk_sealed_arena, kennysheep_mini_moat, okawaru_trees_2,
          old_standard_altar
D:9:      lair_entry_dummy, bh_circular_ruins
D:10:     serial_shops, nicolae_shop_trees, nicolae_shop_behind_doors,
          nicolae_shop_statue_plus, stair_cage_line
D:11:     serial_shops, kennysheep_little_box, uniq_snorg
Temple:   jpeg_temple_island
Lair:1:   basic_altar, lemuel_old_faithful, grunt_megastairs_1
Lair:2:   portal_ice_cave_entry_imps, uniq_prince_ribbit2
Sewer:    sewer_minmay_treatment
Ossuary:  ossuary_tomb_3
IceCv:    ice_cave_statue_garden_chambered

Skill      XL: |  1  2  3  4  5  6  7  8  9 10 11 12 |
---------------+-------------------------------------+-----
Axes           | 3 4 5 6 8 9 11 13 14 15 | 15.5
Fighting       | 4 5 6 7 9 10 11 | 11.0
Armour         | 4 5 6 7 8 9 |  9.9
Shields        | 4 5 6 7 8 |  8.6
Dodging        | 1 2 3 4 5 |  5.1
Evocations     | 2 |  2.8
Invocations    | 4 7 |  7.9

Action                   |  1- 3 |  4- 6 |  7- 9 | 10-12 || total
-------------------------+-------+-------+-------+-------++-------
Melee: War axe           |   121 |   165 |   360 |   294 ||   940
       Hand axe          |       |       |       |   746 ||   746
Throw: Javelin           |       |       |       |     2 ||     2
Invok: Minor Destruction |       |       |       |    22 ||    22
       Lesser Servant of |       |       |       |     1 ||     1
       Major Destruction |       |       |       |     1 ||     1
Evoke: Lightning rod     |       |       |       |     4 ||     4
  Use: Potion            |       |       |     3 |     3 ||     6
       Scroll            |       |       |       |    21 ||    21
 Stab: Distracted        |       |       |       |     2 ||     2
  Eat: Chunk             |       |     8 |     9 |    28 ||    45
       Bread ration      |       |       |     2 |       ||     2
       Fruit             |       |       |       |     3 ||     3
Armor: Scale mail        |    44 |    89 |   155 |    86 ||   374
       Troll leather arm |       |       |       |    40 ||    40
       Plate armour      |       |       |       |   123 ||   123
Dodge: Dodged            |    39 |    50 |   112 |   255 ||   456
Block: Shield            |    61 |    94 |   170 |   458 ||   783

Table legend:
 A = Spawn XP
 B = Non-spawn XP
 C = Spawn XP percentage of total XP
 D = Spawn monster count
 E = Non-spawn monster count
 F = Spawn count percentage of total count
 G = Total turns spent on level
                    A         B        C        D         E        F      G
               +---------+---------+-------+---------+---------+-------+---------
         Total |       0 |   29748 |   0.0 |       0 |     420 |   0.0 | 14184
               +---------+---------+-------+---------+---------+-------+---------
           D:1 |       0 |      31 |   0.0 |       0 |      19 |   0.0 |   809
           D:2 |       0 |     113 |   0.0 |       0 |      21 |   0.0 |   888
           D:3 |       0 |     155 |   0.0 |       0 |      19 |   0.0 |  1398
           D:4 |       0 |    1140 |   0.0 |       0 |      37 |   0.0 |  1413
           D:5 |       0 |    3233 |   0.0 |       0 |      61 |   0.0 |  1446
           D:6 |       0 |    1734 |   0.0 |       0 |      35 |   0.0 |  1188
           D:7 |       0 |    2647 |   0.0 |       0 |      22 |   0.0 |   667
           D:8 |       0 |    1572 |   0.0 |       0 |       7 |   0.0 |   778
           D:9 |       0 |    3148 |   0.0 |       0 |      24 |   0.0 |   913
          D:10 |       0 |    3532 |   0.0 |       0 |      34 |   0.0 |   960
          D:11 |       0 |    4972 |   0.0 |       0 |      38 |   0.0 |  1093
        Lair:1 |       0 |    1057 |   0.0 |       0 |       6 |   0.0 |   679
        Lair:2 |       0 |    4091 |   0.0 |       0 |      25 |   0.0 |   308
         Sewer |       0 |     384 |   0.0 |       0 |      48 |   0.0 |   687
       Ossuary |       0 |     152 |   0.0 |       0 |      16 |   0.0 |   220
         IceCv |       0 |    1787 |   0.0 |       0 |       8 |   0.0 |   659
               +---------+---------+-------+---------+---------+-------+---------
